 Dungeon Crawl Stone Soup version 0.29.1-13-g9f3cf754e1 (webtiles) character file.

Game seed: 16602765191068502860

2 croobank the Sneak (level 1, -5/16 HPs)
             Began as an Octopode Delver on Jan 19, 2023.
             Slain by a gnoll
             ... wielding a +0 flail
              (9 damage)
             ... on level 5 of the Dungeon.
             The game lasted 00:00:41 (277 turns).

croobank the Sneak (Octopode Delver)                 Turns: 277, Time: 00:00:42

Health: -5/16      AC:  1    Str: 11    XL:     1   Next: 30%
Magic:  1/1        EV: 13    Int: 12    God:
Gold:   0          SH:  0    Dex: 13    Spells: 0/0 levels left

rFire   . . .      SeeInvis .   a - +0 hand axe
rCold   . . .      Faith    .   (no shield)
rNeg    . . .      Spirit   .   (helmet restricted)
rPois   .          Reflect  .   (no amulet)
rElec   .          Harm     .   (no ring)
rCorr   .          Rampage  .   (no ring)
Will    .....                   (no ring)
Stlth   ++++......              (no ring)
HPRegen 0.05/turn               (no ring)
MPRegen 0.07/turn               (no ring)
                                (no ring)
                                (no ring)

@: no status effects
A: almost no armour, amphibious, 8 rings, camouflage 1, gelatinous body 1,
(nimble swimmer 1), tentacles
a: no special abilities


You were on level 5 of the Dungeon.
You visited 1 branch of the dungeon, and saw 2 of its levels.

Inventory:

Hand Weapons
 a - a +0 hand axe (weapon)
Wands
 f - a wand of digging (3)
Scrolls
 b - a scroll of fog
 c - a scroll of magic mapping
Potions
 e - a potion of haste


   Skills:
 + Level 3.0 Fighting
 + Level 2.0 Axes
 + Level 2.0 Dodging
 + Level 6.6 Stealth


You couldn't memorise any spells.
You didn't know any spells.
Your spell library was empty.

Dungeon Overview and Level Annotations

Branches:
Dungeon (6/15)
 Temple: D:4-7

Altars:

Shops:
D:5 *


Innate Abilities, Weirdness & Mutations

You cannot wear most types of armour.
You are amphibious.
You can wear up to eight rings at the same time.
Your skin changes colour to match your surroundings (Stealth+).
Your rubbery body absorbs attacks. (AC +1, EV +1)
((You are camouflaged when in or above water. (Stealth+)))
You have tentacles for arms and can constrict up to eight enemies at once.


Message History

The ufetubus is moderately wounded.
You constrict the ufetubus, but do no damage.
The ufetubus misses you. The ufetubus hits you. x2
* * * LOW HITPOINT WARNING * * *
The ufetubus hits you.
* * * LOW HITPOINT WARNING * * *
You aren't wearing any rings or amulets.
As you read the scroll of fear, it crumbles to dust.
You assume a fearsome visage.
The orc looks frightened!
The ufetubus looks frightened!
You constrict the ufetubus, but do no damage.
The ufetubus escapes!
The orc gibbers meaninglessly.
There is a stone staircase leading up here.
You climb upwards.
There is a stone staircase leading down here.
You start resting.
A gnoll comes into view. It is wielding a +0 flail.
A gnoll comes into view. It is wielding a +0 club.
Found Loukupax's Neck Hole.
The gnoll shouts!
A gnoll comes into view. It is wielding a +0 flail.
There is an entrance to Loukupax's Neck Hole here.
You hit the gnoll but do no damage. Your grab misses the gnoll.
Your squeeze misses the gnoll. The gnoll barely misses you.
You barely miss the gnoll. Your grab misses the gnoll. You squeeze the gnoll.
The gnoll is lightly wounded.
The gnoll barely misses you.
You barely miss the gnoll. Your grab misses the gnoll.
The gnoll is lightly wounded.
The gnoll hits you with a +0 flail. x2
You closely miss the gnoll. You grab the gnoll.
The gnoll is lightly wounded.
You constrict the gnoll. The gnoll hits you with a +0 flail!
* * * LOW HITPOINT WARNING * * *
You hit the gnoll.
The gnoll is moderately wounded.
You constrict the gnoll. The gnoll hits you with a +0 flail!
Ouch! That really hurt!
You die...

... ..+..g..###
... .#........
.... ......g...
....####.........
#.....#.......
#.....#.......
....#...#..# .
##g###.# #@# #>#
#.# ### ... .....
#.....# ..#####
###


You could see a gnoll.

Vanquished Creatures
  An orc (D:6)
1 creature vanquished.

Notes
Turn   | Place    | Note
-------+----------+-------------------------------------------
     0 | D:5      | croobank the Octopode Delver began the quest for the Orb.
     0 | D:5      | Reached XP level 1. HP: 16/16 MP: 1/1
   268 | D:5      | Found Loukupax's Neck Hole.
   277 | D:5      | Slain by a gnoll

Illustrated notes

Levels and vault maps discovered:
D:5:      layout_basic, chequers_temple_overflow_statue_of_worship,
          nicolae_shop_sticking_my_neck_out
D:6:      layout_gridville, temple_green, enter_ossuary_5, serial_shops,
          nicolae_stop_n_shop_1, chequers_serial_rivers_micro_d

Action                   || total
-------------------------++-------
Melee: Hand axe          ||     9
       Constrict         ||     3
       Tentacles         ||     2
       Punch             ||     1
  Use: Scroll            ||     1
Dodge: Dodged            ||     9
